[Event "Team 45 45 League T75"]
[Site "Internet Chess Club"]
[Date "2018.01.07"]
[Round "3"]
[White "Ajolote"]
[Black "achessman"]
[Result "0-1"]
[WhiteElo "1801"]
[BlackElo "1895"]
[Opening "Petrov three knights game"]
[ECO "C42"]
[Time "21:02:44"]
[TimeControl "2700+45"]

1. e4 e5 2. Nf3 Nf6 3. Nc3 Bb4 4. Bc4 Nc6 5. O-O O-O 6. d3 Bxc3 7. bxc3 d5 8.
exd5 Nxd5 9. Bxd5 Qxd5 10. c4 Qd6 11. h3 b6 12. c3 Rd8 13. Re1 Qxd3 14. Qxd3
Rxd3 15. Nxe5 Nxe5 16. Rxe5 Be6 17. Bf4 Rxc3 18. c5 b5 19. Kf1 Rd8 20. a4 b4 21.
Re4 Bc4+ 22. Ke1 b3 23. Rb1 Bd3 24. Rd1 b2 25. Rb4 g5 26. Bxg5 Re8+ 27. Kd2 Ra3
28. Be3 b1=Q 29. Rdxb1 Bxb1 30. Rxb1 Rxa4 31. Rb7 c6 32. Rc7 Re6 33. Kc3 Kg7 34.
Bd4+ Kg6 35. g4 Ra3+ 36. Kb4 Rxh3 37. f4 Kh6 38. Rxf7 Re4 39. Rf6+ Kg7 40. Rd6+
Kf8 41. Ka5 Rxf4 42. Ka6 Ra3+ 43. Kb7 Rxg4 44. Kxc6 Ra6+ {White resigns} 0-1

[Event "Team 45 45 League T75"]
[Site "Internet Chess Club"]
[Date "2018.01.06"]
[Round "3"]
[White "nealbruce"]
[Black "Yedixon"]
[Result "1/2-1/2"]
[WhiteElo "1678"]
[BlackElo "1678"]
[Opening "Pirc: Ufimtsev-Pytel variation"]
[ECO "B07"]
[Time "12:06:05"]
[TimeControl "2700+45"]

1. e4 d6 2. d4 Nf6 3. Nc3 c6 4. Nf3 Bg4 5. h3 Bh5 6. Bd3 e6 7. O-O d5 8. e5 Nfd7
9. Re1 c5 10. Be3 Bxf3 11. Qxf3 cxd4 12. Bxd4 Nc6 13. Qe3 Qc7 14. Nb5 Qb8 15. c4
dxc4 16. Bxc4 a6 17. Nd6+ Bxd6 18. exd6 Nxd4 19. Qxd4 O-O 20. Rac1 Rd8 21. Red1
Nf6 22. Rc3 Nd5 23. Rg3 g6 24. Rg5 h6 25. Re5 Ne7 26. Bxe6 Nc6 27. Bxf7+ Kxf7
28. Qd5+ Kg7 29. Re6 Re8 30. Rde1 Rxe6 31. Qxe6 Qf8 32. d7 Qf7 33. Qd6 Rd8 34.
Rd1 Nb8 35. Qc7 Rxd7 36. Rxd7 Nxd7 37. Qxb7 Nc5 38. Qc6 Nd3 39. Qc3+ Qf6 40.
Qxd3 Qxb2 41. Qd7+ Kf6 42. Qd5 Qc1+ 43. Kh2 Qf4+ 44. Kg1 Qc1+ 45. Kh2 Qf4+ 46.
g3 Qxf2+ 47. Qg2 Qxg2+ 48. Kxg2 Ke5 49. Kf3 h5 50. g4 h4 51. Ke3 a5 52. Kf3 a4
53. a3 g5 54. Ke3 Kd5 55. Kd3 Ke5 56. Ke3 Kd5 57. Kd3 Ke5 58. Ke3 {Game drawn by
repetition} 1/2-1/2

[Event "Team 45 45 League T75"]
[Site "Internet Chess Club"]
[Date "2018.01.05"]
[Round "3"]
[White "ANGELLR"]
[Black "Agarnez"]
[Result "1-0"]
[WhiteElo "1855"]
[BlackElo "1901"]
[Opening "Queen's pawn, Mason variation"]
[ECO "D00"]
[Time "21:15:35"]
[TimeControl "2700+45"]

1. d4 d5 2. Bf4 Nf6 3. e3 c5 4. c3 Qb6 5. b3 Nc6 6. Nf3 Bf5 7. Bd3 Bxd3 8. Qxd3
e6 9. Nbd2 Be7 10. O-O O-O 11. Bg5 h6 12. Bh4 Rac8 13. Ne5 Rfd8 14. f4 Qa6 15.
Qxa6 bxa6 16. Rac1 cxd4 17. exd4 Ba3 18. Rb1 Ne7 19. Rf3 Nf5 20. Bxf6 gxf6 21.
Ng4 Be7 22. Re1 Rc7 23. Nf2 Rdc8 24. g4 Nd6 25. Nd1 f5 26. gxf5 Nxf5 27. Kh1 Kh7
28. Nf1 Bd6 29. Ng3 Nh4 30. Rf2 Ng6 31. f5 Nf4 32. Rf3 h5 33. fxe6 fxe6 34. Ne2
Ng6 35. Rf6 Re7 36. Ng3 h4 37. Ne2 Rf8 38. Rxf8 Nxf8 39. Rf1 Ng6 40. Ne3 Kg7 41.
Kg2 Rf7 42. Rxf7+ Kxf7 43. c4 Nf4+ 44. Nxf4 Bxf4 45. Ng4 Kg6 46. Kf3 Bc7 47. h3
dxc4 48. bxc4 Kf5 49. Ne3+ Kf6 50. Ke4 Bb6 51. Ng4+ Ke7 52. Ne5 Kf6 53. Nf3
{Black resigns} 1-0

[Event "Team 45 45 League T75"]
[Site "Internet Chess Club"]
[Date "2018.01.08"]
[Round "3"]
[White "elmaestro"]
[Black "primerpaso"]
[Result "0-1"]
[WhiteElo "1708"]
[BlackElo "1848"]
[Opening "Sicilian: Najdorf, Opocensky variation"]
[ECO "B92"]
[Time "22:02:16"]
[TimeControl "2700+45"]

1. e4 c5 2. Nf3 d6 3. d4 cxd4 4. Nxd4 Nf6 5. Nc3 a6 6. Be2 e5 7. Nb3 Be6 8. O-O
Nbd7 9. Be3 Rc8 10. f4 Qc7 11. f5 Bc4 12. Nd2 Bxe2 13. Qxe2 Be7 14. Rac1 Nb6 15.
h3 d5 16. exd5 Nbxd5 17. Nxd5 Nxd5 18. Bf2 O-O 19. c4 Nf4 20. Qg4 f6 21. Rc3 h5
22. Qf3 Qd7 23. Ne4 Qxf5 24. Kh1 g5 25. Ng3 Qh7 26. Qxb7 Rb8 27. Qd7 Rf7 28. Rb3
Rd8 29. Qf5 Qg7 30. Ne4 Ne6 31. Rb6 Nf4 32. Bc5 Bxc5 33. Nxc5 Qh7 34. Qxh7+ Kxh7
35. Ne4 Kg7 36. g3 Nxh3 37. Nxf6 Kh8 38. c5 g4 39. Rd6 Rc8 40. b4 Ng5 41. Rf5
Rg8 42. Rxe5 Rg6 43. Re8+ Kg7 44. Rf8 Rxf8 45. Nxh5+ Kh6 {White resigns} 0-1

[Event "Team 45 45 League T75"]
[Site "Internet Chess Club"]
[Date "2018.01.03"]
[Round "3"]
[White "VictorRed"]
[Black "a-man"]
[Result "1-0"]
[WhiteElo "1742"]
[BlackElo "1689"]
[Opening "Queen's pawn game"]
[ECO "A46"]
[Time "18:30:52"]
[TimeControl "2700+45"]

1. Nf3 Nf6 2. d4 e6 3. g3 c5 4. c3 d5 5. Bg2 Bd6 6. O-O O-O 7. Bg5 h6 8. Bd2 Nc6
9. Nh4 Qb6 10. dxc5 Qxb2 11. cxd6 Qxa1 12. Qc2 Nd4 13. cxd4 Qxd4 14. Bc3 Qc5 15.
Qb2 Ne8 16. Bb4 Qb6 17. Qa3 Bd7 18. Nf3 Nf6 19. Rc1 Ne4 20. e3 Rfc8 21. Rxc8+
Rxc8 22. Nbd2 Nxd2 23. Nxd2 a6 24. Nb3 Qb5 25. h3 Rc4 26. Bd2 Ra4 27. Qb2 Qc6
28. Bc3 f6 29. Nd4 Qxd6 30. Qxb7 Rxa2 31. Bb4 Ra1+ 32. Kh2 Qe5 33. Qxd7 a5 34.
Bd6 Qh5 35. Nxe6 Qf7 36. Qc8+ Kh7 37. Bxd5 Qh5 38. Nf8+ Kh8 39. Nd7+ Kh7 40.
Qg8+ Kg6 41. Bf7+ Kg5 42. h4+ Qxh4+ 43. gxh4+ Kxh4 44. Qxg7 Rh1+ 45. Kxh1 f5 46.
Qg3# {Black checkmated} 1-0

[Event "Team 45 45 League T75"]
[Site "Internet Chess Club"]
[Date "2018.01.04"]
[Round "3"]
[White "ColourfulChess"]
[Black "andrew37"]
[Result "1/2-1/2"]
[WhiteElo "1680"]
[BlackElo "1692"]
[Opening "English: symmetrical variation"]
[ECO "A30"]
[Time "19:07:38"]
[TimeControl "2700+45"]

1. c4 c5 2. g3 g6 3. Bg2 Bg7 4. Nc3 d6 5. Nf3 Nc6 6. O-O e6 7. d3 h6 8. a3 Nge7
9. Rb1 O-O 10. Bd2 d5 11. Qc1 Nd4 12. Bxh6 dxc4 13. Bxg7 Kxg7 14. dxc4 Bd7 15.
Qf4 Qb8 16. Qg5 Nef5 17. Nxd4 cxd4 18. Ne4 f6 19. Qd2 Qe5 20. e3 Bc6 21. f4 dxe3
22. Qb4 Qb8 23. Nc5 e2 24. Rfe1 Bxg2 25. Kxg2 Nd4 26. Nxe6+ Nxe6 27. Qe7+ Kh6
28. Qxe6 Re8 29. Qxf6 Qc7 30. f5 Qh7 31. Qh4+ Kg7 32. Qxh7+ Kxh7 33. fxg6+ Kxg6
34. b4 Rad8 35. Rb2 Re3 36. Rbxe2 Rxa3 37. Re6+ Kf7 38. Re7+ Kf6 39. Rxb7 Rd2+
40. Kh3 Raa2 41. Rh1 Rd4 42. c5 Rdd2 43. c6 Rdc2 44. b5 Ke6 45. Rh7 Rab2 46.
Rxa7 Rxb5 47. Rh7 Kf6 48. g4 Kg6 49. Rc7 {Game drawn by mutual agreement}
1/2-1/2

[Event "Team 45 45 League T75"]
[Site "Internet Chess Club"]
[Date "2018.01.07"]
[Round "3"]
[White "Signalman"]
[Black "fledermaus"]
[Result "0-1"]
[WhiteElo "1874"]
[BlackElo "1876"]
[Opening "Queen's pawn, Mason variation, Steinitz counter-gambit"]
[ECO "D00"]
[Time "11:41:58"]
[TimeControl "2700+45"]

1. d4 d5 2. Bf4 c5 3. e3 Nc6 4. c3 Qb6 5. Qb3 c4 6. Qc2 e5 7. dxe5 Bf5 8. Qc1 g5
9. Bxg5 Nxe5 10. Nf3 f6 11. Nxe5 fxe5 12. Be2 Qg6 13. e4 Bxe4 14. f3 Bxb1 15.
Qxb1 Qxg5 16. g4 Qe3 17. Qc1 Bc5 18. Qxe3 Bxe3 19. b3 O-O-O 20. bxc4 dxc4 21.
Bxc4 Ne7 22. Rd1 Ng6 23. Be6+ Kc7 24. Ke2 Bc5 25. Bf5 Nf4+ {White resigns} 0-1

[Event "Team 45 45 League T75"]
[Site "Internet Chess Club"]
[Date "2018.01.09"]
[Round "3"]
[White "jonesey"]
[Black "gera-carp75"]
[Result "1/2-1/2"]
[WhiteElo "1857"]
[BlackElo "1842"]
[Opening "Sicilian defense"]
[ECO "B20"]
[Time "16:03:12"]
[TimeControl "2700+45"]

1. e4 c5 2. c4 Nc6 3. Nc3 e6 4. g3 Nf6 5. Bg2 d5 6. exd5 exd5 7. Nxd5 Nxd5 8.
Bxd5 Nb4 9. Be4 f5 10. Bb1 Bd6 11. Ne2 O-O 12. d4 cxd4 13. Qxd4 Re8 14. Be3 Nc6
15. Qd1 Bb4+ 16. Nc3 Qxd1+ 17. Kxd1 Be6 18. Bd3 Ne5 19. Kc2 Nxd3 20. Kxd3 Red8+
21. Nd5 Rac8 22. Rac1 Bxd5 23. cxd5 Rxd5+ 24. Ke2 Rcd8 {Game drawn by mutual
agreement} 1/2-1/2

[Event "Team 45 45 League T75"]
[Site "Internet Chess Club"]
[Date "2018.01.07"]
[Round "3"]
[White "leandromorg"]
[Black "LookImYourVader"]
[Result "1-0"]
[WhiteElo "1687"]
[BlackElo "1772"]
[Opening "Queen's pawn: stonewall attack"]
[ECO "D00"]
[Time "18:04:32"]
[TimeControl "2700+45"]

1. d4 d5 2. e3 Nf6 3. Bd3 c5 4. c3 Nc6 5. f4 Bg4 6. Nf3 e6 7. Nbd2 Bd6 8. Qa4
O-O 9. Ne5 Bxe5 10. fxe5 Nd7 11. O-O Qb6 12. dxc5 Nxc5 13. Bxh7+ Kxh7 14. Qxg4
Kg8 15. Nf3 Nd3 16. Ng5 Nxc1 17. Qh3 {Black resigns} 1-0

[Event "Team 45 45 League T75"]
[Site "Internet Chess Club"]
[Date "2018.01.07"]
[Round "3"]
[White "Invicta-Knight"]
[Black "trombone"]
[Result "0-1"]
[WhiteElo "1518"]
[BlackElo "1799"]
[Opening "Sicilian: Grand Prix attack"]
[ECO "B23"]
[Time "08:00:29"]
[TimeControl "2700+45"]

1. e4 c5 2. Nc3 Nc6 3. f4 g6 4. Nf3 Bg7 5. Bc4 e6 6. O-O Nge7 7. d3 d5 8. exd5
exd5 9. Bb3 O-O 10. a3 Nd4 11. Ba2 Bg4 12. h3 Nxf3+ 13. gxf3 Bxh3 14. Rf2 Bd4
15. Qe2 Bxf2+ 16. Qxf2 b6 17. Qh4 Be6 18. Ne2 Nf5 19. Qh2 Qf6 20. c3 d4 21. c4
Bd7 22. Bd2 Bc6 23. Kf2 Qh4+ 24. Qxh4 Nxh4 25. Rh1 Nxf3 {White resigns} 0-1

[Event "Team 45 45 League T75"]
[Site "Internet Chess Club"]
[Date "2018.01.03"]
[Round "3"]
[White "HomerSimpson"]
[Black "hood"]
[Result "0-1"]
[WhiteElo "1988"]
[BlackElo "2037"]
[Opening "English opening"]
[ECO "A05"]
[Time "21:35:03"]
[TimeControl "2700+45"]

1. Nf3 Nf6 2. c4 g6 3. b3 Bg7 4. Bb2 O-O 5. g3 d5 6. cxd5 Nxd5 7. Bxg7 Kxg7 8.
Bg2 Nc6 9. d4 Bg4 10. O-O Qd6 11. Qd2 Rad8 12. Rd1 Nf6 13. e3 Bxf3 14. Bxf3 e5
15. d5 e4 16. dxc6 Qe5 17. Qc3 exf3 18. Rc1 Qe6 19. Qc4 Qxc4 20. bxc4 bxc6 21.
Nc3 Rb8 22. Rab1 Rxb1 23. Rxb1 Rd8 24. h3 Rd3 25. Rb3 Nd7 26. Ne4 Rd1+ 27. Kh2
f5 28. Ng5 Ne5 29. Rb7 Kh6 30. Ne6 Rf1 31. Rxc7 Rxf2+ 32. Kg1 Rg2+ 33. Kf1 Nxc4
34. Nf8 Nxe3+ 35. Ke1 Re2# {White checkmated} 0-1

[Event "Team 45 45 League T75"]
[Site "Internet Chess Club"]
[Date "2018.01.04"]
[Round "3"]
[White "gomeschess"]
[Black "The7thGuest"]
[Result "1-0"]
[WhiteElo "2106"]
[BlackElo "1868"]
[Opening "Ruy Lopez: closed, Chigorin defense"]
[ECO "C97"]
[Time "12:00:39"]
[TimeControl "2700+45"]

1. e4 e5 2. Nf3 Nc6 3. Bb5 a6 4. Ba4 Nf6 5. O-O b5 6. Bb3 Be7 7. Re1 O-O 8. h3
d6 9. c3 Na5 10. Bc2 c5 11. d4 Qc7 12. Nbd2 Bb7 13. Nf1 Rac8 14. d5 Ba8 15. Ng3
g6 16. Bg5 Qd8 17. Bh6 Re8 18. Nh2 Bf8 19. Bg5 h6 20. Be3 Bg7 21. a4 b4 22. Bd3
c4 23. cxb4 cxd3 24. bxa5 Qxa5 25. Qxd3 Nd7 26. Qa3 f5 27. Qxd6 Nf6 28. b4 Qd8
29. Qxd8 Rcxd8 30. exf5 Nxd5 31. fxg6 Nxb4 32. Ng4 Nc2 33. Nh5 Nxe1 34. Rxe1 Re6
35. Bxh6 Rxg6 36. Bxg7 Rxg7 37. Nxg7 Kxg7 38. Rxe5 Rd4 39. Re7+ Kf8 40. Ra7 Bc6
41. Rxa6 Bxa4 42. Ra7 Bc6 43. Kh2 Rd2 44. Kg3 Rd3+ 45. f3 Rd2 46. h4 Bb5 47. h5
Bf1 48. Ne3 Bb5 49. h6 Kg8 50. Ng4 Bf1 51. Nf6+ Kf8 52. h7 Rxg2+ 53. Kf4 Rh2 54.
Ra8+ Kf7 55. h8=Q Rxh8 56. Rxh8 Kxf6 57. Rh6+ Kg7 58. Rb6 Bc4 59. Kg5 Bd5 60. f4
Kf7 61. f5 Be4 62. Ra6 Bd5 63. Ra7+ Ke8 64. Kf6 Bc6 65. Kg7 {Black resigns} 1-0

[Event "Team 45 45 League T75"]
[Site "Internet Chess Club"]
[Date "2018.01.05"]
[Round "3"]
[White "charles-allen"]
[Black "soccerisfun"]
[Result "1/2-1/2"]
[WhiteElo "1832"]
[BlackElo "1990"]
[Opening "Vienna game"]
[ECO "C25"]
[Time "12:05:43"]
[TimeControl "2700+45"]

1. e4 e5 2. Nc3 Bc5 3. Nf3 d6 4. d4 exd4 5. Nxd4 Ne7 6. Be3 O-O 7. Qd2 Nbc6 8.
O-O-O Bxd4 9. Bxd4 Nxd4 10. Qxd4 Nc6 11. Qd2 a5 12. Be2 f5 13. a3 Re8 14. exf5
Bxf5 15. g4 Be6 16. f4 Qd7 17. h4 Bxg4 18. Bxg4 Qxg4 19. Nd5 Qd7 20. Rhg1 Kh8
21. Rg5 Ne7 22. Rxg7 Kxg7 23. Qd4+ Kf7 24. Qf6+ Kg8 25. Rg1+ Ng6 26. Rxg6+ hxg6
27. Qxg6+ Qg7 28. Nf6+ Kf8 29. Nh7+ Kg8 30. Nf6+ Kf8 31. Nh7+ Kg8 {Game drawn by
mutual agreement} 1/2-1/2

[Event "Team 45 45 League T75"]
[Site "Internet Chess Club"]
[Date "2018.01.04"]
[Round "3"]
[White "joebobpop"]
[Black "nathanpillay"]
[Result "1-0"]
[WhiteElo "1916"]
[BlackElo "1638"]
[Opening "French: MacCutcheon, Chigorin variation"]
[ECO "C12"]
[Time "12:01:54"]
[TimeControl "2700+45"]

1. e4 e6 2. d4 d5 3. Nc3 Nf6 4. Bg5 Bb4 5. e5 h6 6. exf6 hxg5 7. fxg7 Rg8 8. Qd3
Qf6 9. a3 Bxc3+ 10. Qxc3 Nc6 11. Bb5 Bd7 12. Nf3 O-O-O 13. Bxc6 Bxc6 14. Ne5 Be8
15. f3 Qxg7 16. O-O-O f6 17. Nd3 b6 18. h3 Bb5 19. Rhe1 Bxd3 20. Rxd3 Rd6 21.
Rde3 Re8 22. Qb3 Qd7 23. Qd3 Qf7 24. g3 Rh8 25. Kb1 Rxh3 26. Rxe6 Qxe6 27. Rxe6
Rxe6 28. Qf5 Rh1+ 29. Ka2 Kd7 30. Qxd5+ Rd6 31. Qf5+ Ke7 32. f4 Rh6 33. fxg5
fxg5 34. Qxg5+ Rhf6 35. Qe5+ Kd7 36. d5 Kc8 37. g4 Rg6 38. g5 Kb7 39. c4 Rd8 40.
Qe4 Rdg8 41. d6+ Kb8 42. d7 Rxg5 43. Qe8+ Kb7 44. d8=Q Rxe8 45. Qxe8 Rc5 46.
Qe4+ c6 47. b4 Rh5 48. b5 Rc5 49. Qe7+ Kb8 50. Qd8+ {Black resigns} 1-0

[Event "Team 45 45 League T75"]
[Site "Internet Chess Club"]
[Date "2018.01.05"]
[Round "3"]
[White "Dodgy"]
[Black "ascoli"]
[Result "1/2-1/2"]
[WhiteElo "1804"]
[BlackElo "1698"]
[Opening "Sicilian defense"]
[ECO "B40"]
[Time "04:00:20"]
[TimeControl "2700+45"]

1. e4 c5 2. Nf3 e6 3. b3 d5 4. exd5 exd5 5. Be2 Nf6 6. Bb2 Be7 7. O-O O-O 8. d4
Nc6 9. dxc5 Bxc5 10. a3 Re8 11. b4 Qe7 12. Bb5 Bb6 13. Nbd2 Bg4 14. Nb3 a6 15.
Bxc6 bxc6 16. Bd4 Bxd4 17. Nbxd4 c5 18. bxc5 Qxc5 19. h3 Bh5 20. Qd3 Bg6 21. Qb3
Rab8 22. Qa4 a5 23. Rab1 h6 24. Rxb8 Rxb8 25. Ne5 Be4 26. Nec6 Rb2 27. Rc1 Ra2
28. Qxa5 Qxa5 29. Nxa5 Rxa3 30. Nab3 Nd7 31. f3 Bg6 32. Kf2 Nb6 33. f4 Be4 34.
Nd2 Ra4 35. Nc6 f5 36. Nxe4 fxe4 37. Ke3 Kf7 38. Rb1 Nc4+ 39. Ke2 Kf6 40. Rb5
Na3 41. Rxd5 Nxc2 42. Ne5 Nd4+ 43. Kf2 Nf5 44. Nd7+ Ke6 45. Re5+ Kxd7 46. Rxf5
Ke6 47. Re5+ Kf6 48. g4 Ra2+ 49. Kg3 Ra3+ 50. Kg2 Ra2+ {Game drawn by mutual
agreement} 1/2-1/2

[Event "Team 45 45 League T75"]
[Site "Internet Chess Club"]
[Date "2018.01.06"]
[Round "3"]
[White "cysk"]
[Black "kidcobra"]
[Result "1-0"]
[WhiteElo "1722"]
[BlackElo "1773"]
[Opening "Scotch game"]
[ECO "C45"]
[Time "20:01:46"]
[TimeControl "2700+45"]

1. e4 e5 2. Nf3 Nc6 3. d4 exd4 4. Nxd4 Bc5 5. Nxc6 Qf6 6. Qd2 dxc6 7. Nc3 Bg4 8.
Qf4 Rd8 9. Bd3 Be6 10. Qg3 Qg6 11. Qxg6 hxg6 12. Bf4 Bd6 13. e5 Bb4 14. O-O Ne7
15. Ne4 Nd5 16. Bg5 Be7 17. Bc4 Nf4 18. Bxe6 Nxe6 19. Bxe7 Kxe7 20. f4 Nd4 21.
Rf2 Nf5 22. c3 b6 23. Re1 Rd3 24. Rd2 Rhd8 25. Rxd3 Rxd3 26. Kf2 Ke6 27. Ng5+
Ke7 28. Re2 c5 29. Nf3 Ke6 30. g4 Nh6 31. h3 Kd5 32. Kg2 b5 33. Ng5 b4 34. cxb4
cxb4 35. e6 fxe6 36. Nxe6 c5 37. f5 gxf5 38. Nf4+ Kd4 39. g5 Rd1 40. gxh6 gxh6
41. Ne6+ Kd5 42. Ng7 c4 43. Nxf5 Ra1 44. b3 c3 45. Ne3+ Kd4 46. Nc2+ Kd3 47. Rf2
Rd1 48. Nxb4+ Ke3 49. Rf3+ Ke2 50. Rxc3 a5 51. Nc6 Rd6 52. Nxa5 Rg6+ 53. Rg3 Rf6
54. Kh2 Kf1 55. Rg2 h5 56. Nc4 h4 57. Ne3+ Ke1 58. b4 Ra6 59. Nc4 Rc6 60. Ne5
Re6 61. Nf3+ Kf1 62. Nxh4 Re4 63. Nf3 Rxb4 64. Kg3 Rb2 65. Nh2+ Ke1 66. Rxb2 Kd1
67. a4 Kc1 68. Rg2 Kd1 69. a5 Kc1 70. a6 Kd1 71. a7 Kc1 72. a8=Q Kb1 73. Qa2+
Kc1 74. Qc2# {Black checkmated} 1-0

[Event "Team 45 45 League T75"]
[Site "Internet Chess Club"]
[Date "2018.01.04"]
[Round "3"]
[White "MovingDutchman"]
[Black "JSCOL"]
[Result "0-1"]
[WhiteElo "2030"]
[BlackElo "2187"]
[Opening "English: four knights, kingside fianchetto"]
[ECO "A29"]
[Time "14:00:40"]
[TimeControl "2700+45"]

1. c4 e5 2. Nc3 Nf6 3. Nf3 Nc6 4. g3 Bc5 5. Bg2 O-O 6. d3 d6 7. a3 a5 8. Bd2 h6
9. Qc2 Re8 10. e3 Bf5 11. Nh4 Bh7 12. O-O Rb8 13. Rfe1 g5 14. Nf3 e4 15. Nxe4
Nxe4 16. dxe4 Bxe4 17. Qc3 Qd7 18. Rad1 Qf5 19. Nd4 Bxd4 20. exd4 Bxg2 21. Kxg2
d5 22. c5 a4 23. Be3 Re6 24. Rb1 b5 25. b4 h5 26. Qd2 Rbe8 27. h3 g4 28. hxg4
hxg4 29. Rbd1 Qf3+ 30. Kg1 Re4 31. Qc1 f5 32. Bh6 f4 33. Bxf4 Nxd4 34. Bh6 Rxe1+
35. Rxe1 Rxe1+ 36. Qxe1 Ne2+ 37. Kh2 d4 38. Bd2 c6 39. Bf4 Kf7 40. Bd2 d3 41.
Be3 Qf5 42. Qh1 Qh5+ 43. Kg2 Qxh1+ 44. Kxh1 Nd4 45. Kg1 Nf3+ 46. Kf1 Ke6 47. Bf4
Kd5 48. Be3 Kc4 49. Bc1 Kb3 {White resigns} 0-1

[Event "Team 45 45 League T75"]
[Site "Internet Chess Club"]
[Date "2018.01.08"]
[Round "3"]
[White "f5"]
[Black "Sloggi"]
[Result "1-0"]
[WhiteElo "2177"]
[BlackElo "1994"]
[Opening "Caro-Kann: classical, Spassky variation"]
[ECO "B19"]
[Time "22:00:52"]
[TimeControl "2700+45"]

1. e4 c6 2. d4 d5 3. Nc3 dxe4 4. Nxe4 Bf5 5. Ng3 Bg6 6. h4 h6 7. Nf3 Nd7 8. h5
Bh7 9. Bd3 Bxd3 10. Qxd3 e6 11. Bd2 Ngf6 12. O-O-O Be7 13. Ne4 Nxe4 14. Qxe4 Nf6
15. Qe2 Qd5 16. Kb1 O-O 17. Ne5 Qe4 18. Qxe4 Nxe4 19. Be1 Rfd8 20. f3 Nf6 21.
Bf2 Nd7 22. c4 Rac8 23. Kc2 Bf6 24. f4 b6 25. g4 Be7 26. Be3 Nxe5 27. dxe5 Rxd1
28. Rxd1 Rd8 29. Rxd8+ Bxd8 30. a4 c5 31. a5 Bc7 32. axb6 axb6 33. b4 f6 34.
exf6 gxf6 35. bxc5 bxc5 36. f5 Bd6 37. fxe6 Kg7 38. Kd3 Be7 39. Ke4 {Black
resigns} 1-0

[Event "Team 45 45 League T75"]
[Site "Internet Chess Club"]
[Date "2018.01.08"]
[Round "3"]
[White "cool64chess"]
[Black "ANGELLR"]
[Result "1-0"]
[WhiteElo "1984"]
[BlackElo "1834"]
[Opening "QGD"]
[ECO "D52"]
[Time "22:00:29"]
[TimeControl "2700+45"]

1. d4 d5 2. c4 c6 3. Nc3 Nf6 4. Nf3 e6 5. Bg5 Nbd7 6. e3 a6 7. a4 Bd6 8. Bd3 O-O
9. O-O Re8 10. Qc2 h6 11. Bh4 dxc4 12. Bxc4 c5 13. dxc5 Bxc5 14. Rad1 Qc7 15.
Bg3 Qb6 16. h3 Nf8 17. Ne5 Bd7 18. Be2 Rad8 19. a5 Qa7 20. Bf3 b5 21. axb6 Bxb6
22. Ra1 Rc8 23. Qe2 a5 24. Rfd1 Red8 25. Nb5 Bxb5 26. Qxb5 Rc5 27. Qb3 Nd5 28.
e4 Ne7 29. Nc4 Rxd1+ 30. Rxd1 Bc7 31. Nd6 a4 32. Qe3 Qb6 33. Qd4 Nc6 34. Qxa4
Qxb2 35. Nc4 Qb4 36. Qxb4 Nxb4 37. Nd6 Ng6 38. Ra1 Ba5 39. Nb7 Bb6 40. Ra8+ Kh7
41. Nxc5 Bxc5 42. h4 Nd3 43. h5 Nge5 44. Be2 f6 45. Re8 Nc1 46. Bf1 Bd4 47. Rxe6
Nb3 48. Rd6 Ba7 49. Bxe5 fxe5 50. Bc4 Nd4 51. Bf7 Ne2+ 52. Kf1 Nf4 53. Bg6+
{Black resigns} 1-0

[Event "Team 45 45 League T75"]
[Site "Internet Chess Club"]
[Date "2018.01.07"]
[Round "3"]
[White "Heian"]
[Black "BigCol"]
[Result "1-0"]
[WhiteElo "1780"]
[BlackElo "1754"]
[Opening "Sicilian: Hungarian variation"]
[ECO "B27"]
[Time "14:00:57"]
[TimeControl "2700+45"]

1. e4 c5 2. Nf3 g6 3. Bc4 Bg7 4. c3 e6 5. Bb3 Qc7 6. d4 c4 7. Bc2 Ne7 8. O-O d5
9. e5 b5 10. Nbd2 a5 11. Re1 b4 12. Nf1 Bd7 13. h3 Nbc6 14. N1h2 O-O 15. Bd2 f6
16. exf6 Bxf6 17. Ng4 Bg7 18. Qc1 bxc3 19. bxc3 Nf5 20. Nh6+ Nxh6 21. Bxh6 Bxh6
22. Qxh6 Qf4 23. Ng5 Rf7 24. Nxf7 Qxf7 25. Re3 Ne7 26. Rf3 Nf5 27. Bxf5 exf5 28.
Re1 Re8 29. Rxe8+ Qxe8 30. Re3 Qf7 31. Qg5 Be8 32. Re7 Qf8 33. Qe3 Ba4 34. Qe6+
Kh8 35. Rf7 Qd8 36. Qe5+ {Black resigns} 1-0

[Event "Team 45 45 League T75"]
[Site "Internet Chess Club"]
[Date "2018.01.04"]
[Round "3"]
[White "zap2"]
[Black "Ajolote"]
[Result "1-0"]
[WhiteElo "1710"]
[BlackElo "1814"]
[Opening "Réti: King's Indian attack"]
[ECO "A08"]
[Time "15:00:54"]
[TimeControl "2700+45"]

1. Nf3 d5 2. g3 c5 3. Bg2 Nf6 4. d3 g6 5. Nbd2 Bg7 6. O-O O-O 7. e4 Nc6 8. Re1
Bg4 9. h3 Bxf3 10. Bxf3 Qd7 11. Bg2 Rad8 12. c3 c4 13. e5 Ne8 14. d4 Nc7 15. Qe2
b5 16. Nf1 a5 17. Ne3 b4 18. Rf1 f5 19. Nxc4 dxc4 20. Qxc4+ Nd5 21. Bg5 Qe6 22.
Rae1 h6 23. Bc1 Rd7 24. Qc5 Rc8 25. c4 Na7 26. Bxd5 Rxd5 27. Qxd5 Qxd5 28. cxd5
Rd8 29. Be3 Rxd5 30. Rc1 Kf7 31. f4 Ke6 32. Rc7 Rd7 33. d5+ {Black resigns} 1-0

[Event "Team 45 45 League T75"]
[Site "Internet Chess Club"]
[Date "2018.01.07"]
[Round "3"]
[White "JPSVI"]
[Black "elessar"]
[Result "0-1"]
[WhiteElo "1359"]
[BlackElo "1625"]
[Opening "Dutch: classical variation"]
[ECO "A96"]
[Time "14:07:03"]
[TimeControl "2700+45"]

1. d4 f5 2. c4 e6 3. g3 Nf6 4. Bg2 Be7 5. Nf3 d6 6. O-O O-O 7. Nc3 Ne4 8. Qc2
Nxc3 9. Qxc3 a5 10. Re1 Nc6 11. e4 e5 12. dxe5 dxe5 13. exf5 Bb4 14. Qb3 Bxe1
15. Bg5 Bxf2+ 16. Kxf2 Qe8 17. Nh4 Bxf5 18. Nxf5 Rxf5+ {White resigns} 0-1

[Event "Team 45 45 League T75"]
[Site "Internet Chess Club"]
[Date "2018.01.08"]
[Round "3"]
[White "Hal2001"]
[Black "fireball"]
[Result "1/2-1/2"]
[WhiteElo "1539"]
[BlackElo "1595"]
[Opening "French: Two knights variation"]
[ECO "C00"]
[Time "20:35:36"]
[TimeControl "2700+45"]

1. e4 e6 2. Nc3 d5 3. Nf3 d4 4. Ne2 Nc6 5. c3 dxc3 6. bxc3 Bc5 7. d4 Bb6 8. Ba3
Nf6 9. Ng3 Ne7 10. Bd3 O-O 11. e5 Nfd5 12. Bxh7+ Kh8 13. Bc2 Nf4 14. O-O f5 15.
exf6 Rxf6 16. Ne5 Qf8 17. Nh5 Rh6 18. Bxe7 Qxe7 19. Nxf4 Kg8 20. Qg4 Bd7 21.
Nfg6 Qe8 22. Nxd7 Qxd7 23. Ne5 Qd6 24. Qg3 Qe7 25. Bg6 Rf8 26. Bf7+ Rxf7 27.
Nxf7 Qxf7 28. Rfe1 c5 29. Qe5 cxd4 30. cxd4 Bc7 31. Qe2 Bxh2+ 32. Kf1 Bg3 33.
Kg1 Bh2+ 34. Kf1 Bg3 35. Kg1 Bh2+ 36. Kf1 {Game drawn by repetition} 1/2-1/2

[Event "Team 45 45 League T75"]
[Site "Internet Chess Club"]
[Date "2018.01.06"]
[Round "3"]
[White "Skeptic1972"]
[Black "Constrictor"]
[Result "0-1"]
[WhiteElo "1499"]
[BlackElo "1553"]
[Opening "Ruy Lopez: Cozio defense"]
[ECO "C60"]
[Time "10:01:37"]
[TimeControl "2700+45"]

1. e4 e5 2. Nf3 Nc6 3. Bb5 Nge7 4. O-O a6 5. Ba4 d6 6. h3 g6 7. c3 Bd7 8. d4
exd4 9. cxd4 Bg7 10. Be3 O-O 11. Nc3 Kh8 12. Qd2 f5 13. Bh6 fxe4 14. Bxg7+ Kxg7
15. Nxe4 Bxh3 16. Nfg5 Bd7 17. d5 Ne5 18. Bxd7 Qxd7 19. Ne6+ Kg8 20. Nxf8 Rxf8
21. Ng5 Qg4 22. Kh1 Rf5 23. Nh3 Rf3 24. Qg5 Rxh3+ {White resigns} 0-1

[Event "Team 45 45 League T75"]
[Site "Internet Chess Club"]
[Date "2018.01.06"]
[Round "3"]
[White "Goli"]
[Black "VictorRed"]
[Result "1/2-1/2"]
[WhiteElo "1670"]
[BlackElo "1739"]
[Opening "Robatsch (modern) defense"]
[ECO "B07"]
[Time "05:50:39"]
[TimeControl "2700+45"]

1. e4 d6 2. d4 g6 3. Nc3 Bg7 4. Be3 Nf6 5. Qd2 Ng4 6. Bf4 e5 7. dxe5 Nxe5 8.
O-O-O Bg4 9. f3 Be6 10. Bxe5 Bxe5 11. f4 Bg7 12. e5 O-O 13. exd6 cxd6 14. Nge2
Qa5 15. Kb1 Nc6 16. Nd5 Qxd2 17. Rxd2 Rfd8 18. Nec3 a6 19. Bc4 Bxc3 20. bxc3 b5
21. Bb3 Ra7 22. Rhd1 Kg7 23. Nb4 Nxb4 24. cxb4 Bxb3 25. axb3 Rad7 26. Rd5 f5 27.
Kb2 Kf6 28. c4 {Game drawn by mutual agreement} 1/2-1/2